 Dungeon Crawl Stone Soup version 0.25-a0-464-g3004169c2b (webtiles) character file.

Game seed: 2642647579410476309, levelgen mode: deterministic

130 Conn the Chiller (level 4, -15/38 HPs)
             Began as a Deep Dwarf Ice Elementalist on Feb 5, 2020.
             Demolished by an ogre
             ... wielding a +0 giant club
              (21 damage)
             ... on level 4 of the Dungeon.
             The game lasted 00:15:31 (3077 turns).

Conn the Chiller (Deep Dwarf Ice Elementalist)      Turns: 3077, Time: 00:15:32

Health: -15/38     AC:  5    Str: 13    XL:     4   Next: 90%
Magic:  5/7        EV: 12    Int: 15    God:
Gold:   213        SH:  0    Dex: 13    Spells: 3/7 levels left

rFire    . . .     SeeInvis .   t - -3 falchion (curse)
rCold    . . .     Gourm    .   (no shield)
rNeg     . . .     Faith    .   q - +1 leather armour
rPois    .         Spirit   .   s - +0 helmet
rElec    .         Reflect  .   (no cloak)
rCorr    .         Harm     .   (no gloves)
MR       .....                  (no boots)
Stlth    ++........             (no amulet)
HPRegen  0.00/turn              (no ring)
MPRegen  0.10/turn              (no ring)

@: non-regenerating
A: damage resistance, heal wounds, sense surroundings 1, no regeneration
a: Heal Wounds


You were on level 4 of the Dungeon.
You were very hungry.

You visited 1 branch of the dungeon, and saw 4 of its levels.

You collected 213 gold pieces.

Inventory:

Hand Weapons
 a - a +0 short sword
 b - a +1 hunting sling
 o - a +0 dagger
 t - a cursed -3 falchion (weapon)
Missiles
 d - 223 stones
 h - 48 bolts
 j - 42 sling bullets
 k - 2 boomerangs (quivered)
Armour
 g - a +0 robe
 q - a +1 leather armour (worn)
 s - a +0 helmet (worn)
Wands
 m - a wand of random effects (11)
 n - a wand of polymorph (11)
Scrolls
 i - a scroll of magic mapping
 p - 3 scrolls of identify
Potions
 e - a potion of heal wounds
 f - a potion of flight
 r - 2 potions of mutation {unknown}
Comestibles
 c - 6 rations


   Skills:
 * Level 1.4 Fighting
 + Level 0.3 Short Blades
 * Level 2.0 Slings
 * Level 0.4 Armour
 + Level 2.3 Dodging
 + Level 2.6 Stealth
 + Level 2.3 Spellcasting
 + Level 4.4 Ice Magic


You had 3 spell levels left.
You knew the following spells:

 Your Spells              Type           Power        Failure   Level  Hunger
a - Freeze                Ice            ###.         4%          1    #......
b - Ozocubu's Armour      Chrm/Ice       #.......     32%         3    ###....

Your spell library contained the following spells:

 Spells                   Type           Power        Failure   Level  Hunger
 Hailstorm                Conj/Ice       #.......     73%         4    #####..
 Summon Ice Beast         Ice/Summ       #.......     73%         4    #####..


Dungeon Overview and Level Annotations

Branches:
Dungeon (4/15)
 Temple: D:4-7

Altars:


Innate Abilities, Weirdness & Mutations

You are resistant to damage.
You can heal yourself by infusing magical energy.
You passively map a small area around you.
You do not regenerate.


Message History

Aiming: Freeze (safe; 4% risk of failure)
Press: ? - help, Shift-Dir - straight line, f/p - ogre
Aim: an ogre, wielding a +0 giant club (moderately wounded)
You freeze the ogre.
The ogre is heavily wounded.
The ogre barely misses you.
You riposte.
You barely miss the ogre.
The ogre is heavily wounded.
Casting: Freeze (safe; 4% risk of failure)
Confirm with . or Enter, or press ? or * to list all spells.
Aiming: Freeze (safe; 4% risk of failure)
Press: ? - help, Shift-Dir - straight line, f/p - ogre
Aim: an ogre, wielding a +0 giant club (heavily wounded)
You freeze the ogre.
The ogre is severely wounded.
The ogre hits you with a +0 giant club!!
* * * LOW HITPOINT WARNING * * *
There is an escape hatch in the floor here.
The ogre hits you with a +0 giant club!!
Ouch! That really hurt!
You die...

##.......................≈≈
#..........................
#........................##
#........................$.
#........................##
#....>.....................
#......................#.##
##.............###..####,#
##.....#.@...## ##†# ,
#####..O##### #.## ,
###[....# #..##
#####.######..### #
#.....>#....#..
######........# ##.....###
##....... ########


You could see an ogre.

Vanquished Creatures
  Jessica (D:2)
  Robin (D:2)
  2 adders
  2 worms (D:2)
  A leopard gecko (D:3)
  An orc (D:3)
  10 bats
  7 giant cockroaches
  12 goblins
  9 hobgoblins
  4 jackals
  A quokka (D:2)
  A frilled lizard (D:2)
  6 kobolds
  4 rats (D:1)
62 creatures vanquished.

Notes
Turn   | Place    | Note
-------+----------+-------------------------------------------
     0 | D:1      | Conn the Deep Dwarf Ice Elementalist began the quest for
                  | the Orb.
     0 | D:1      | Reached XP level 1. HP: 15/15 MP: 3/3
   309 | D:1      | Reached skill level 4 in Ice Magic
   320 | D:1      | Reached XP level 2. HP: 17/22 MP: 0/4
  1218 | D:2      | Reached XP level 3. HP: 14/30 MP: 5/5
  1316 | D:2      | Noticed Robin
  1487 | D:3      | Learned a level 3 spell: Ozocubu's Armour
  1553 | D:3      | Reached skill level 1 in Fighting
  2213 | D:2      | Noticed Jessica
  2227 | D:2      | Killed Jessica
  2227 | D:2      | Reached skill level 1 in Slings
  2227 | D:2      | Reached XP level 4. HP: 38/38 MP: 3/7
  2490 | D:2      | Killed Robin
  3040 | D:4      | Noticed an ogre
  3077 | D:4      | Demolished by an ogre

Levels and vault maps discovered:
D:1:      minmay_arrival_three_doors, layout_basic, minmay_cut_off
D:2:      layout_basic, first_ration, uniq_jessica, uniq_robin
D:3:      wad_pebble_path, layout_basic
D:4:      layout_rooms, minivault_4, corexii_item_surrounded_by_moat,
          minmay_liquid_box, st_stairs_4

Skill      XL: |  1  2  3  4 |
---------------+-------------+-----
Ice Magic      | 4 |  4.4
Spellcasting   | 2 |  2.3
Fighting       | 1 |  1.4
Slings         | 1 2 |  2.0
Short Blades   | |  0.3
Armour         | |  0.4
Dodging        | |  2.3
Stealth        | |  2.6

Action                   |  1- 3 |  4- 6 || total
-------------------------+-------+-------++-------
Melee: Unarmed           |    21 |       ||    21
       Dagger            |     2 |       ||     2
       Falchion          |     4 |    30 ||    34
       Short sword       |     2 |       ||     2
 Fire: Hunting sling     |    24 |       ||    24
Throw: Boomerang         |       |     8 ||     8
 Cast: Freeze            |    44 |    27 ||    71
  Use: Scroll            |     6 |     1 ||     7
       Potion            |     2 |       ||     2
 Stab: Sleeping          |     3 |       ||     3
  Eat: Chunk             |     4 |     3 ||     7
Armor: Robe              |    16 |     1 ||    17
       Leather armour    |       |    21 ||    21
Dodge: Dodged            |    42 |    43 ||    85
       Rpst.: Falchion   |     1 |    17 ||    18

Table legend:
 A = Non-vault XP
 B = Vault XP
 C = Vault XP percentage of total XP
 D = Non-vault monster count
 E = Vault monster count
 F = Vault count percentage of total count
                 A         B        C        D         E       F
            +---------+---------+-------+---------+---------+-------
      Total |     115 |      72 |  38.5 |      49 |      13 |  21.0
            +---------+---------+-------+---------+---------+-------
        D:1 |      31 |       2 |   6.1 |      19 |       1 |   5.0
        D:2 |      36 |      68 |  65.4 |      17 |      11 |  39.3
        D:3 |      31 |       2 |   6.1 |      10 |       1 |   9.1
        D:4 |      17 |       0 |   0.0 |       3 |       0 |   0.0
            +---------+---------+-------+---------+---------+-------
